 Dungeon Crawl Stone Soup version 0.19.5 (webtiles) character file.

356 Mesmaeker13 the Insei (level 6, -3/43 HPs)
             Began as a Human Transmuter on Apr 10, 2017.
             Slain by an ogre
             ... wielding a +0 giant club
              (4 damage)
             ... on level 3 of the Dungeon.
             The game lasted 00:11:47 (4227 turns).

Mesmaeker13 the Insei (Human Transmuter)            Turns: 4227, Time: 00:11:47

Health: -3/43      AC:  8    Str: 11    XL:     6   Next: 96%
Magic:  5/9        EV: 14    Int: 12    God:
Gold:   103        SH:  0    Dex: 14    Spells: 2 memorised, 6 levels left

rFire  . . .     SeeInvis .       - Unarmed
rCold  . . .     Gourm    .     b - +0 robe
rNeg   . . .     Faith    .     (no shield)
rPois  .         Spirit   .     (no helmet)
rElec  .         Reflect  .     s - +1 cloak
rCorr  .         Harm     .     (no gloves)
MR     .....                    (no boots)
Stlth  +.........               (no amulet)
                                (no ring)
                                p - ring of flight

@: appendage (expiring)
A: horns 2, molten scales 1, thin metallic scales 1, dopey 1
a: End Transformation, Evoke Flight


You were on level 3 of the Dungeon.
You were not hungry.
You had grown temporary horns.
You visited 1 branch of the dungeon, and saw 3 of its levels.
You also visited: Sewer.

You collected 103 gold pieces.

Inventory:

Hand Weapons
 e - a +1 short sword
 h - a +0 blowgun
Missiles
 a - 3 arrows
 o - 36 bolts
Armour
 b - a +0 robe (worn)
 s - a +1 cloak (worn)
Jewellery
 p - a ring of flight (left hand)
Scrolls
 f - 2 scrolls of remove curse
 g - 2 scrolls of fear {unknown}
 i - 2 scrolls of recharging
 k - a scroll of enchant weapon
 u - a scroll of blinking {unknown}
 v - a scroll of fog {unknown}
 w - a scroll of magic mapping {unknown}
Potions
 m - 2 potions of curing
 n - a potion of invisibility
 q - 2 potions of brilliance
 r - 2 potions of heal wounds
 t - a potion of agility {unknown}
 x - 3 potions of might {unknown}
 z - a potion of magic {unknown}
Books
 c - a book of Changes

   Spells                             Type                      Level
   a - Beastly Appendage              Transmutation                1
   b - Sticks to Snakes               Transmutation                2
   c - Spider Form                    Transmutation/Poison         3
   d - Ice Form                       Ice/Transmutation            4
   e - Blade Hands                    Transmutation                5
Comestibles
 d - 4 bread rations
 j - 2 meat rations


   Skills:
 - Level 1.0 Fighting
 + Level 4.0 Dodging
 + Level 5.1 Unarmed Combat
 - Level 2.0 Spellcasting
 + Level 4.1 Transmutations


You had 6 spell levels left.
You knew the following spells:

 Your Spells              Type           Power        Failure   Level  Hunger
a - Beastly Appendage     Tmut           ##....       6%          1    ##.....
b - Sticks to Snakes      Tmut           ##......     10%         2    ###....


Dungeon Overview and Level Annotations

Branches:
Dungeon (3/15)

Altars:


Innate Abilities, Weirdness & Mutations

You have a pair of horns on your head.
You are partially covered in molten scales. (AC +2)
You are partially covered in thin metallic scales. (AC +2)
You are dopey. (Int -2)


Message History

The ogre is moderately wounded.
Your ball python bites the ogre.
The ogre barely misses your ball python.
You hit the ogre. You headbutt the ogre.
The ogre is severely wounded.
Your ball python bites the ogre.
You hit the ogre.
The ogre is almost dead.
The ogre barely misses you.
Your ball python bites the ogre but does no damage.
You barely miss the ogre.
The ogre is almost dead.
Your ball python barely misses the ogre.
The ogre hits you with a giant club!
* * * LOW HITPOINT WARNING * * *
You hit the ogre but do no damage.
The ogre is almost dead.
Your ball python barely misses the ogre.
The ogre hits you with a giant club.
You die...

.#
#.#......#
.#
#........#
.#
####.#####
.# #.# .#
#.# .# #.#
#.#
#.###S#####
#....@O...#
###.......#
#.......#
#########


You could see an ogre and a friendly ball python.

Vanquished Creatures
  The ghost of Monsterrace the Firebug, an amateur DEFE (Sewer)
  A scorpion (D:3)
  5 river rats
  4 adders
  An ooze (D:3)
  A worm (D:3)
  5 dart slugs
  3 leopard geckos
  5 orcs (D:3)
  4 ball pythons (Sewer)
  5 bats
  3 giant cockroaches
  9 goblins
  12 hobgoblins
  10 kobolds
  A quokka (D:2)
  8 frilled lizards
  22 rats
100 creatures vanquished.

Vanquished Creatures (collateral kills)
  2 adders (D:2)
  An orc (D:3)
  A rat (D:3)
4 creatures vanquished.

Grand Total: 104 creatures vanquished

Notes
Turn   | Place    | Note
-------+----------+-------------------------------------------
     0 | D:1      | Mesmaeker13 the Human Transmuter began the quest for the Orb.
     0 | D:1      | Reached XP level 1. HP: 15/15 MP: 3/3
    72 | D:1      | Reached XP level 2. HP: 3/21 MP: 3/5
   696 | D:1      | Reached XP level 3. HP: 12/26 MP: 4/6
  1712 | D:2      | Learned a level 2 spell: Sticks to Snakes
  1763 | D:2      | Reached XP level 4. HP: 26/32 MP: 4/7
  2114 | D:2      | Reached skill level 4 in Unarmed Combat
  2262 | D:2      | Gained mutation: You are dopey. (Int -2) [potion of mutation]
  2262 | D:2      | Gained mutation: You are partially covered in thin metallic scales. (AC +2) [potion of mutation]
  2262 | D:2      | Gained mutation: You are partially covered in molten scales. (AC +2) [potion of mutation]
  2527 | D:3      | Reached XP level 5. HP: 32/37 MP: 4/8
  2959 | D:3      | Reached XP level 6. HP: 22/43 MP: 9/9
  2970 | D:3      | Found a glowing drain.
  2974 | Sewer    | Entered a sewer
  3571 | Sewer    | Noticed Monsterrace's ghost (amateur DEFE)
  3593 | Sewer    | Killed Monsterrace's ghost
  3593 | Sewer    | Reached skill level 5 in Unarmed Combat
  4106 | D:3      | Found a faded altar of an unknown god.
  4213 | D:3      | Noticed an ogre
  4226 | D:3      | HP: 1/43 [ogre/giant club (11)]
  4227 | D:3      | Slain by an ogre

Skill      XL: |  1  2  3  4  5  6 |
---------------+-------------------+-----
Unarmed Combat | 4 5 |  5.1
Transmutations | 3 4 |  4.1
Dodging        | 3 4 |  4.0
Fighting       | |  1.0
Spellcasting   | |  2.0

Action                   |  1- 3 |  4- 6 || total
-------------------------+-------+-------++-------
Melee: Unarmed           |   118 |   318 ||   436
       Headbutt          |     5 |    18 ||    23
       Kick              |     5 |    15 ||    20
       Punch             |     1 |     3 ||     4
 Cast: Beastly Appendage |    15 |    24 ||    39
       Sticks to Snakes  |     1 |     8 ||     9
  Use: Scroll            |       |     8 ||     8
       Potion            |       |     3 ||     3
 Stab: Sleeping          |     1 |     1 ||     2
  Eat: Chunk             |     3 |    10 ||    13
Armor: Robe              |    26 |    83 ||   109
Dodge: Dodged            |    91 |   242 ||   333
